 Dungeon Crawl Stone Soup version 0.18.1-8-gdd0e5ea (webtiles) character file.

19892 Gargoyl the Protected (level 12, -5/97 HPs)
             Began as a Demonspawn Abyssal Knight on May 27, 2016.
             Was the Champion of Lugonu.
             Slain by an orc warrior
             ... wielding a +0 trident
             ... led by an orc knight
              (14 damage)
             ... on level 1 of the Orcish Mines.
             The game lasted 00:38:12 (16413 turns).

Gargoyl the Protected (Demonspawn Abyssal Knight)  Turns: 16413, Time: 00:38:12

Health: -5/97      AC: 25    Str: 23    XL:     12   Next: 40%
Magic:  14/14      EV: 11    Int: 14    God:    Lugonu [******]
Gold:   412        SH:  0    Dex: 12    Spells: 0 memorised, 11 levels left

rFire  . . .     SeeInvis +     f - +2 triple sword
rCold  + + .     Gourm    .     x - +4 chain mail {rN+}
rNeg   + . .     Faith    .     (shield currently unavailable)
rPois  +         Spirit   .     O - +1 hat {rC+}
rElec  .         Dismiss  .     V - +2 cloak {rC+}
rCorr  .         Reflect  .     (no gloves)
SustAt .         Harm     .     (no boots)
MR     .....                    R - amulet of regeneration
Stlth  ..........               (no ring)
                                n - ring of see invisible

@: confused, mighty, not resistant to hostile enchantments, extremely unstealthy
A: horns 1, slimy green scales 3, powered by pain 1, spiny 2
a: Depart the Abyss, Bend Space, Banish, Corrupt, Enter the Abyss, Brand Weapon
With Distortion, Renounce Religion


You were on level 1 of the Orcish Mines.
You worshipped Lugonu.
Lugonu was exalted by your worship.
You were hungry.

You visited 2 branches of the dungeon, and saw 12 of its levels.
You visited the Abyss 1 time.
You also visited: Ossuary and Ice Cave.

You collected 937 gold pieces.
You spent 525 gold pieces at shops.

Inventory:

Hand Weapons
 a - a +1 hand axe
 f - a +2 triple sword (weapon)
 u - a +3 flail of protection
 y - a +0 flail
 E - the cursed +1 mace of the Butterfly {venom, rElec rF- SInv}
   (You found it on level 6 of the Dungeon)

   It poisons the flesh of those it strikes.
   It makes you vulnerable to fire.
   It insulates you from electricity.
   It lets you see invisible.
   It has a curse placed upon it.
 Q - a +3 spear
Missiles
 I - 15 tomahawks
 U - 3 javelins of penetration (quivered)
Armour
 o - a +0 shield
 x - a +4 chain mail of positive energy (worn)
 O - a +1 hat of cold resistance (worn)
 V - a +2 cloak of cold resistance (worn)
Jewellery
 n - a ring of see invisible (left hand)
 R - an amulet of regeneration (around neck)
 T - an uncursed amulet of dismissal {unknown}
Wands
 g - a wand of random effects (14/48)
 z - a wand of iceblast (14/15)
 D - a wand of flame (21/48)
 G - a wand of flame (25/48)
 J - a wand of enslavement (9/24)
 K - a wand of digging (10/24)
 P - a wand of paralysis (3/24)
Scrolls
 d - 5 scrolls of remove curse
 e - 14 scrolls of identify
 i - 3 scrolls of magic mapping
 r - 4 scrolls of blinking
 L - a scroll of fear
 M - 4 scrolls of fog
 S - a scroll of recharging
Potions
 b - 2 potions of brilliance {unknown}
 j - 4 potions of berserk rage
 k - 3 potions of flight
 m - a potion of lignification {unknown}
 p - a potion of haste {unknown}
 t - a potion of cure mutation {unknown}
 v - a potion of mutation {unknown}
 w - 3 potions of curing
 A - a potion of degeneration {unknown}
 B - a potion of magic {unknown}
Books
 C - a book of Death

   Spells                             Type                      Level
   a - Corpse Rot                     Necromancy                   2
   b - Sublimation of Blood           Necromancy                   2
   c - Agony                          Necromancy                   5
   d - Dispel Undead                  Necromancy                   5
   e - Excruciating Wounds            Charms/Necromancy            5
   f - Bolt of Draining               Conjuration/Necromancy       5
 F - a book of Battle

   Spells                             Type                      Level
   a - Infusion                       Charms                       1
   b - Shroud of Golubria             Charms/Translocation         2
   c - Song of Slaying                Charms                       2
   d - Spectral Weapon                Hexes/Charms                 3
   e - Regeneration                   Charms/Necromancy            3
 W - a Necronomicon

   Spells                             Type                      Level
   a - Haunt                          Necromancy/Summoning         7
   b - Borgnjor's Revivification      Necromancy                   8
   c - Death's Door                   Charms/Necromancy            8
   d - Necromutation                  Transmutation/Necromancy     8
Comestibles
 c - 5 bread rations
 h - 3 meat rations
 s - 2 beef jerkies
 H - 7 slices of pizza


   Skills:
 + Level 9.8 Fighting
 + Level 9.2 Long Blades
 + Level 2.0 Axes
 * Level 12.4 Armour
 + Level 6.9 Dodging
 + Level 2.1 Stealth
 + Level 2.7 Invocations


You had 11 spell levels left.
You didn't know any spells.

Dungeon Overview and Level Annotations

Branches:
Dungeon (10/15)            Temple (0/1) D:4            Lair (0/8) D:8
    Orc (2/2) D:10            Elf (0/3) Orc:2

Altars:
Ashenzari
Dithmenos
Kikubaaqudgha
Okawaru
Pakellas
Ru
Vehumet
Yredelemnul
The Shining One

Shops:
D:9 =?[   D:10 (


Innate Abilities, Weirdness & Mutations

You have a pair of small horns on your head.
You are completely covered in slimy green scales (AC +4, rPois).
You sometimes gain a little power by taking damage.
You are mostly covered in sharp spines.


Message History

The orc warrior hits you from afar with a trident!!
* * * LOW HITPOINT WARNING * * *
The orc wizard is struck by your spines.
The orc wizard hits you but does no damage.
The orc warrior is struck by your spines.
The orc warrior closely misses you. The orc warrior barely misses you.
That item cannot be evoked!
You barely miss the orc warrior. You headbutt the orc warrior.
You kill the orc warrior!
Lugonu accepts your kill.
The orc wizard is struck by your spines.
You kill the orc wizard!
Lugonu accepts your kill.
The orc warrior hits you from afar with a trident!
* * * LOW HITPOINT WARNING * * *
Drink which item? (? for menu, Esc to quit)
You are confused.
You feel invigorated.
The orc warrior hits you from afar with a trident!
You die...

...#.....................#
.................#......##
.....#.##...))..######.##
..).#...#...)....#.#####
...#.#.#...#).......#
......#...###....#.##
##........####....##
#....#.....*##....#
*##.##..#8#.####@.##
*,####..#.#..#o)).# ,,,*
##.#.#......##
,,,***#.#.#..#)###
,,,*,#.,*>#.....##
,,,,,...*_#......#
,.......###.....##
,...........#..##
................#


You could see an orc warrior.

Vanquished Creatures
  The ghost of Zeloya the Covert, a novice KoCK of Nemelex Xobeh (D:9)
  An orc knight (Orc:1)
  An ugly thing (D:9)
  The ghost of Jerry the Twirler, a novice DgGl (D:5)
  2 ice statues (IceCv)
  4 centaur skeletons
  A komodo dragon (D:10)
  10 ice devils (IceCv)
  3 trolls
  Prince Ribbit (D:7)
  A two-headed ogre (D:9)
  A spriggan (D:8)
  A wraith (D:10)
  Eustachio (D:6)
  2 hippogriffs
  23 yaks
  2 basilisks (D:8)
  A hungry ghost (D:9)
  2 wargs (Orc:1)
  Edmund (D:6)
  5 porcupines (D:8)
  The ghost of Azru the Skirmisher, an amateur OgAK of Lugonu (D:4)
  A water moccasin (D:7)
  3 sky beasts
  4 ice beasts
  2 black bears (D:7)
  12 orc warriors
  An eye of draining (D:10)
  2 phantoms
  A wasp (D:9)
  7 ogres
  3 crocodiles (D:8)
  7 centaurs
  A big kobold (D:9)
  5 giant frogs
  A gnoll sergeant (D:9)
  A wyvern skeleton (D:10)
  2 scorpions
  6 killer bees (D:8)
  5 howler monkeys
  2 vampire bats (D:9)
  3 wights (D:9)
  8 electric eels (D:9)
  2 bog bodies (Ossuary)
  4 crimson imps
  A quasit (D:9)
  A wasp zombie (Ossuary)
  8 orc priests
  5 giant frog zombies
  2 jellies
  Crazy Yiuf (D:6)
  4 giant frog skeletons
  3 centaur zombies
  8 hounds
  14 orc wizards
  3 iguanas
  8 worker ants
  4 killer bee zombies (Ossuary)
  4 hound zombies
  11 mummies (Ossuary)
  2 worker ant zombies (Ossuary)
  5 adders
  20 gnolls
  4 river rats (D:8)
  A shadow imp (D:6)
  18 white imps
  10 ufetubi (IceCv)
  An adder zombie (Ossuary)
  An ooze (D:2)
  2 worms (D:2)
  5 dart slugs
  6 giant geckos
  86 orcs
  3 bat skeletons (D:9)
  2 bat zombies (D:9)
  3 giant cockroaches
  13 goblins
  10 hobgoblins
  10 jackals
  4 quokkas
  A ball python (D:1)
  7 bats
  2 giant gecko zombies
  9 giant newts
  2 gnoll zombies (D:3)
  2 goblin zombies (D:4)
  15 kobolds
  2 quokka skeletons
  A quokka zombie (Ossuary)
  9 rats
482 creatures vanquished.

Vanquished Creatures (others)
  A wolf spider (D:5)
  A white imp (IceCv)
  An ufetubus (IceCv)
  A fungus (D:8)
  11 plants
  2 withered plants (Ossuary)
17 creatures vanquished.

Grand Total: 499 creatures vanquished

Notes
Turn   | Place    | Note
--------------------------------------------------------------
     0 | Abyss:1  | Gargoyl the Demonspawn Abyssal Knight began the quest for the Orb.
     0 | Abyss:1  | Reached XP level 1. HP: 18/18 MP: 2/2
    88 | Abyss:1  | Noticed a large abomination
   107 | Abyss:1  | Noticed a bone dragon
   118 | Abyss:1  | Noticed an iron imp
   126 | Abyss:1  | Noticed a small abomination
   145 | Abyss:1  | Noticed an ancient zyme
   174 | Abyss:2  | Noticed a raiju
   177 | Abyss:2  | Noticed a raiju
   221 | D:1      | Escaped the Abyss
   341 | D:1      | Gained mutation: You are partially covered in slimy green scales (AC +2). [demonic ancestry]
   341 | D:1      | Reached XP level 2. HP: 18/24 MP: 3/3
   495 | D:1      | Reached * piety under Lugonu
   499 | D:1      | Reached skill level 2 in Armour
   841 | D:1      | Reached skill level 1 in Dodging
  1098 | D:1      | Gained mutation: You are partially covered in sharp spines. [demonic ancestry]
  1098 | D:1      | Reached XP level 3. HP: 27/29 MP: 4/4
  1402 | D:2      | Reached ** piety under Lugonu
  1481 | D:2      | Reached skill level 1 in Long Blades
  1529 | D:2      | Gained mutation: You are mostly covered in sharp spines. [demonic ancestry]
  1529 | D:2      | Reached XP level 4. HP: 37/37 MP: 5/5
  1864 | D:2      | Reached XP level 5. HP: 41/42 MP: 6/6
  2357 | D:3      | Reached *** piety under Lugonu
  2547 | D:3      | Reached skill level 1 in Stealth
  2613 | D:4      | Found a staircase to the Ecumenical Temple.
  2615 | D:4      | Reached skill level 3 in Armour
  2615 | D:4      | Gained mutation: You sometimes gain a little power by taking damage. [demonic ancestry]
  2615 | D:4      | Reached XP level 6. HP: 19/48 MP: 7/7
  2842 | D:4      | Noticed Azru's ghost (amateur OgAK)
  2849 | D:4      | Killed Azru's ghost
  2917 | D:4      | Found a sand-covered staircase.
  2928 | Ossuary  | Entered an ossuary
  3002 | Ossuary  | Gained mutation: You are mostly covered in slimy green scales (AC +3). [demonic ancestry]
  3002 | Ossuary  | Reached XP level 7. HP: 39/55 MP: 8/8
  3007 | Ossuary  | Reached skill level 4 in Armour
  3141 | Ossuary  | Reached **** piety under Lugonu
  3834 | Ossuary  | Reached skill level 5 in Armour
  4569 | D:3      | Reached XP level 8. HP: 56/61 MP: 9/9
  4576 | D:3      | Found a basalt altar of Yredelemnul.
  4606 | D:3      | Reached skill level 5 in Fighting
  4741 | D:4      | Found a radiant altar of Vehumet.
  5133 | D:5      | Entered Level 5 of the Dungeon
  5651 | D:5      | Reached skill level 6 in Armour
  5654 | D:5      | Reached ***** piety under Lugonu
  5690 | D:5      | Found an oddly glowing altar of Pakellas.
  5690 | D:5      | Noticed a wolf spider
  5698 | D:5      | Killed a wolf spider
  5744 | D:5      | Noticed Jerry's ghost (novice DgGl)
  5759 | D:5      | Killed Jerry's ghost
  6411 | D:6      | Reached XP level 9. HP: 41/69 MP: 10/10
  6565 | D:6      | Reached skill level 7 in Armour
  6566 | D:6      | Found an iron altar of Okawaru.
  6700 | D:6      | Noticed Edmund
  6707 | D:6      | Reached skill level 5 in Long Blades
  6721 | D:6      | Killed Edmund
  6962 | D:6      | Got a brightly glowing mace
  6963 | D:6      | Identified the cursed +1 mace of the Butterfly {venom, rElec rF- SInv} (You found it on level 6 of the Dungeon)
  6980 | D:6      | Noticed Eustachio
  6994 | D:6      | Killed Eustachio
  7070 | D:6      | Noticed Crazy Yiuf
  7073 | D:6      | Killed Crazy Yiuf
  7177 | D:7      | Noticed Prince Ribbit
  7214 | D:7      | Killed Prince Ribbit
  7214 | D:7      | Reached skill level 8 in Armour
  7260 | D:7      | Found a shattered altar of Ashenzari.
  7455 | D:7      | Reached skill level 5 in Dodging
  7471 | D:7      | Reached skill level 9 in Armour
  7471 | D:7      | Gained mutation: You have a pair of small horns on your head. [demonic ancestry]
  7471 | D:7      | Reached XP level 10. HP: 60/77 MP: 11/11
  7860 | D:7      | Found a glowing golden altar of the Shining One.
  7861 | D:7      | Found a sacrificial altar of Ru.
  8051 | D:8      | Found a shadowy altar of Dithmenos.
  8334 | D:8      | Reached skill level 10 in Armour
  8373 | D:8      | Reached ****** piety under Lugonu
  8677 | D:8      | Found a staircase to the Lair.
  9101 | D:8      | Reached XP level 11. HP: 69/86 MP: 12/12
  9573 | D:9      | Found Ehushry's Armour Emporium.
  9743 | D:9      | Noticed Zeloya's ghost (novice KoCK)
  9792 | D:9      | Killed Zeloya's ghost
 10172 | D:9      | Reached skill level 11 in Armour
 10419 | D:9      | Found an ancient bone altar of Kikubaaqudgha.
 11466 | D:9      | Noticed a cyan ugly thing
 11474 | D:9      | Killed a cyan ugly thing
 13383 | D:9      | Found Xeoqasuff's Magic Scroll Emporium.
 13402 | D:9      | Bought a scroll of enchant weapon for 105 gold pieces
 13747 | D:9      | Found Fuon's Jewellery Emporium.
 13750 | D:9      | Bought an uncursed amulet of regeneration for 420 gold pieces
 13831 | D:10     | Entered Level 10 of the Dungeon
 14400 | D:10     | Found Wumm's Weapon Emporium.
 14427 | D:10     | Found a staircase to the Orcish Mines.
 14874 | Orc:1    | Entered Level 1 of the Orcish Mines
 14943 | Orc:2    | Entered Level 2 of the Orcish Mines
 15023 | Orc:1    | Gained mutation: You are completely covered in slimy green scales (AC +4, rPois). [demonic ancestry]
 15023 | Orc:1    | Reached XP level 12. HP: 73/95 MP: 13/13
 15074 | Orc:1    | Found a frozen archway.
 15120 | IceCv    | Entered an ice cave
 15184 | IceCv    | Reached skill level 12 in Armour
 16412 | Orc:1    | HP: 4/97 [orc warrior/trident[an orc knight] (13)]
 16413 | Orc:1    | Slain by an orc warrior

Skill      XL: |  1  2  3  4  5  6  7  8  9 10 11 12 |
---------------+-------------------------------------+-----
Axes           | 2 |  2.0
Armour         | 2 3 5 6 9 10 11 12 | 12.4
Dodging        | 1 2 3 4 5 6 |  6.9
Long Blades    | 1 2 3 4 5 7 8 9 |  9.2
Fighting       | 4 5 6 8 9 |  9.8
Stealth        | 1 2 |  2.1
Invocations    | |  2.7

Action                   |  1- 3 |  4- 6 |  7- 9 | 10-12 || total
-------------------------+-------+-------+-------+-------++-------
Melee: Triple sword      |    65 |    68 |   198 |   522 ||   853
       Hand axe          |    16 |       |       |       ||    16
       Headbutt          |       |       |       |    86 ||    86
Throw: Tomahawk          |       |       |     4 |     6 ||    10
Invok: Depart the Abyss  |     1 |       |       |       ||     1
       Bend Space        |       |       |       |     1 ||     1
  Use: Scroll            |       |     2 |    15 |     9 ||    26
       Potion            |       |     2 |     3 |     3 ||     8
 Stab: Sleeping          |       |     1 |       |       ||     1
  Eat: Chunk             |     2 |     5 |     7 |    24 ||    38
       Fruit             |       |       |     2 |     4 ||     6
       Beef jerky        |       |       |     1 |       ||     1
       Bread ration      |       |       |     1 |       ||     1
       Meat ration       |       |       |       |     1 ||     1
       Pizza             |       |       |       |     1 ||     1
Armor: Leather armour    |    44 |     8 |       |       ||    52
       Ring mail         |       |    19 |    21 |       ||    40
       Plate armour      |       |       |    70 |       ||    70
       Chain mail        |       |       |    44 |   488 ||   532
Dodge: Dodged            |    65 |    48 |   102 |   393 ||   608
